 Dungeon Crawl Stone Soup version 0.30-a0-141-g30f27751c5 (webtiles) character file.

Game seed: 16175856382132267242

95 Flugkiller the Trooper (level 4, -5/30 HPs)
             Began as a Gargoyle Hunter on Sept 26, 2022.
             Slain by a hobgoblin
             ... wielding a +2 vorpal long sword
              (10 damage)
             ... on level 2 of the Dungeon.
             The game lasted 00:02:10 (1298 turns).

Flugkiller the Trooper (Gargoyle Hunter)            Turns: 1298, Time: 00:02:11

Health: -5/30      AC: 12    Str: 17    XL:     4   Next: 66%
Magic:  4/4        EV: 11    Int: 10    God:
Gold:   148        SH:  0    Dex: 15    Spells: 3/3 levels left

rFire   . . .      SeeInvis .    a - +0 shortbow
rCold   . . .      Faith    .    (shield currently unavailable)
rNeg    + + .      Spirit   .    h - +1 leather armour {rPois}
rPois   ∞          Reflect  .    (no helmet)
rElec   +          Harm     .    e - +0 cloak
rCorr   .          Rampage  .    (no gloves)
Will    .....                    (no boots)
Stlth   +++.......               (no amulet)
HPRegen 0.10/turn                j - ring "Hudwoph" {Drain rN+ AC+4 Str+3 Stlth+}
MPRegen 0.09/turn                (no ring)

@: no status effects
A: sickness immunity, AC +3, negative energy resistance 1, electricity
resistance, torment resistance 1, petrification resistance
a: no special abilities


You were on level 2 of the Dungeon.
You visited 1 branch of the dungeon, and saw 2 of its levels.

You collected 148 gold pieces.

Inventory:

Hand Weapons
 a - a +0 shortbow (weapon)
Armour
 c - a +0 leather armour
 e - a +0 cloak (worn)
   (You found it on level 1 of the Dungeon)
 h - a +1 leather armour of poison resistance (worn)
   (You found it on level 1 of the Dungeon)
Jewellery
 j - the ring "Hudwoph" (left hand) {Drain rN+ AC+4 Str+3 Stlth+}
   (You found it on level 2 of the Dungeon)

   [ring of protection]

   AC:        It affects your AC (+4).
   Str:       It affects your strength (+3).
   rN:        It protects you from negative energy.
   Drain:     It drains your maximum health when unequipped.
   Stlth:     It makes you more stealthy.
Scrolls
 b - a scroll of immolation
 d - a scroll of fear {unknown}
 f - a scroll of fog {unknown}
 k - a scroll of enchant armour {unknown}
 l - a scroll of summoning {unknown}
 o - 2 scrolls of identify {unknown}
Potions
 g - a potion of heal wounds {unknown}
 i - 2 potions of brilliance {unknown}
 m - a potion of lignification {unknown}
 n - 2 potions of berserk rage {unknown}


   Skills:
 + Level 4.6 Fighting
 + Level 4.5 Ranged Weapons
 - Level 1.5 Dodging
 - Level 1.1 Stealth


You had 3 spell levels left.
You didn't know any spells.
Your spell library was empty.

Dungeon Overview and Level Annotations

Branches:
Dungeon (2/15) Zot: 10643

Altars:


Innate Abilities, Weirdness & Mutations

You are immune to sickness and miasma.
Your stone body is resilient. (AC +3)
You are immune to poison.
You resist negative energy. (rN+)
You are resistant to electric shocks. (rElec)
You are resistant to unholy torment.
You are immune to petrification.


Message History

A quokka is nearby!
You shoot an arrow. The arrow completely misses the quokka.
You shoot an arrow. The arrow barely misses the quokka.
No target in view!
You shoot an arrow. The arrow completely misses the quokka.
You shoot an arrow. The arrow barely misses the quokka.
The quokka closely misses you.
You shoot an arrow. The arrow closely misses the quokka.
The quokka barely misses you.
You shoot an arrow. The arrow hits the quokka.
The quokka is heavily wounded.
The quokka closely misses you. x2
You shoot an arrow. The arrow hits the quokka.
The quokka is severely wounded.
The quokka barely misses you.
You shoot an arrow. The arrow completely misses the quokka.
The quokka barely misses you.
The quokka bites you but does no damage.
You shoot an arrow.
The arrow hits the quokka but does no damage.
The quokka is severely wounded.
The quokka bites you but does no damage.
You shoot an arrow. The arrow closely misses the quokka.
The quokka bites you but does no damage. x2
You shoot an arrow. The arrow hits the quokka.
You kill the quokka!
No target in view!
Found a stone staircase leading down.
A bat comes into view.
A bat is nearby!
A bat is nearby!
You shoot an arrow. The arrow hits the bat.
The bat is severely wounded.
You shoot an arrow. The arrow hits the bat.
You kill the bat!
No target in view!
A worm comes into view.
A worm is nearby!
A worm is nearby!
You shoot an arrow.
The arrow hits the worm but does no damage.
You shoot an arrow. The arrow barely misses the worm.
You shoot an arrow. The arrow hits the worm.
The worm is moderately wounded.
You shoot an arrow. The arrow hits the worm.
The worm is severely wounded.
You shoot an arrow. The arrow hits the worm.
The worm is almost dead.
You shoot an arrow. The arrow hits the worm!
You kill the worm!
No target in view!
Found a war axe.
You see here a +0 war axe.
Found a ring mail.
A ball python comes into view.
You shoot an arrow. The arrow hits the ball python.
You kill the ball python!
No target in view!
No target in view!
Found a gnoll skeleton.
Found a gnoll skeleton.
There is an open door here.
A hobgoblin is nearby!
The hobgoblin shouts!
You shoot an arrow. The arrow barely misses the hobgoblin.
You shoot an arrow. The arrow hits the hobgoblin.
The hobgoblin is heavily wounded.
There is an open door here.
You shoot an arrow. The arrow closely misses the hobgoblin.
The hobgoblin misses you.
You shoot an arrow.
The arrow hits the hobgoblin but does no damage.
The hobgoblin is heavily wounded.
The hobgoblin barely misses you.
You shoot an arrow.
The arrow hits the hobgoblin but does no damage.
The hobgoblin is heavily wounded.
The hobgoblin closely misses you.
You shoot an arrow.
The arrow hits the hobgoblin but does no damage.
The hobgoblin is heavily wounded.
The hobgoblin hits you but does no damage.
The hobgoblin hits you with a +2 vorpal long sword!
You are too injured to fight recklessly!
You are too injured to fight recklessly!
Unknown command.
The hobgoblin attacks as you move away! The hobgoblin closely misses you.
The hobgoblin attacks as you move away!
The hobgoblin hits you with a +2 vorpal long sword!
* * * LOW HITPOINT WARNING * * *
x2 Unknown command.
Okay, then.
Okay, then.
You are too injured to fight recklessly!
Fire: a) +0 shortbow
Press: ? - help, Q - select action Shift-Dir - straight line, f/p - hobgoblin
Aim: a hobgoblin, wielding a +2 vorpal long sword, wearing a +0 ring mail and wearing a ring of resist corrosion (heavily wounded, 66% to hit)
You shoot an arrow. The arrow barely misses the hobgoblin.
The hobgoblin hits you with a +2 vorpal long sword!
You die...

............## #.#######
.............###.#.....#####
.......>....†..........)...##
...).........###.#..♣♣♣♣♣♣..##
.............###>#..♣÷♣ ♣♣..##
...................##### ♣♣..##
..............##...#...# .♣♣♣..#
............####.#.♣...#...♣♣♣.#
....<#..........@g.'.8.'.... ♣.#
###.........####.#.♣...#... ♣♣.#
.........#..####.#.#...# ♣♣..#
.#.................##### ♣♣..##
)..[#............#..♣÷♣ ♣♣..##
##..###........^.#..♣♣♣♣♣♣..##
....###....................##
..................†.....####
.....##...........#.....#


You could see a hobgoblin.

Vanquished Creatures
  Robin (D:2)
  An adder (D:2)
  3 worms
  4 dart slugs (D:1)
  An orc (D:2)
  4 bats
  5 endoplasms
  9 goblins
  6 hobgoblins
  3 jackals
  2 kobolds (D:1)
  4 quokkas
  A ball python (D:2)
  5 frilled lizards (D:1)
  6 rats
55 creatures vanquished.

Vanquished Creatures (others)
  11 plants (D:2)
11 creatures vanquished.

Grand Total: 66 creatures vanquished

Notes
Turn   | Place    | Note
-------+----------+-------------------------------------------
     0 | D:1      | Flugkiller the Gargoyle Hunter began the quest for the Orb.
     0 | D:1      | Reached XP level 1. HP: 12/12 MP: 1/1
   146 | D:1      | Reached XP level 2. HP: 15/18 MP: 2/2
   370 | D:1      | Reached XP level 3. HP: 24/24 MP: 3/3
   623 | D:2      | Identified the ring "Hudwoph" {Drain rN+ AC+4 Str+3 Stlth+}
   646 | D:2      | Noticed Robin
   935 | D:2      | Reached XP level 4. HP: 29/29 MP: 4/4
  1098 | D:2      | Killed Robin
  1298 | D:2      | Slain by a hobgoblin

Illustrated notes

Levels and vault maps discovered:
D:1:      lightli_arrival_quake, layout_basic, minmay_misc_feat_square
D:2:      layout_rooms, dilly_ecumenical_altar_fadedgnrine, uniq_robin

Skill      XL: |  1  2  3 |
---------------+----------+-----
Fighting       | 3 4 |  4.6
Ranged Weapons | |  4.5
Dodging        | |  1.5
Stealth        | |  1.1

Action                   |  1- 3 |  4- 6 || total
-------------------------+-------+-------++-------
 Fire: Shortbow          |   110 |    64 ||   174
Armor: Leather armour    |    44 |    18 ||    62
Dodge: Dodged            |    50 |    17 ||    67

Table legend: (Time is in decaauts)
 A = Elapsed time spent in this place.
 B = Non-inter-level travel time spent in this place.
 C = Inter-level travel time spent in this place.
 D = Time resting spent in this place.
 E = Time spent auto-exploring this place.
 F = Levels seen in this place.
 G = Mean time per level.
                   A        B        C        D        E       F      G
               +--------+--------+--------+--------+--------+-----+--------+
         Total |   1355 |   1311 |     44 |    367 |    536 |   2 |  677.5 |
       Dungeon |   1355 |   1311 |     44 |    367 |    536 |   2 |  677.5 |
               +--------+--------+--------+--------+--------+-----+--------+

Top non-repeatable levels by time:
     D:1: 841 daAuts
     D:2: 514 daAuts
